Map: 어비설 리프 - 래더

Players

Cure - Winner!

  • Race: Terran Terran
  • League: Master
  • Spawn Location: 5:00

ROOTherO (herO)

  • Race: Protoss Protoss
  • League: Grandmaster
  • Spawn Location: 11:00

VOD

Have the link to the VOD?

Description

Time

  • Played on: Dec. 22, 2017, 3:39 a.m.
  • Length: 15:35
Show
View Real Time Build Order
Export as new Build Order

Cure Terran - Winner!

Build Orders: Reaper Expand, MMM Bio 

Get SALT Encoding   

  12  0:00  SCV  
  13  0:13  SCV  
  14  0:17  Supply Depot  
  14  0:25  SCV  
  15  0:39  SCV, Barracks  
  16  0:43  Refinery  
  16  0:51  SCV  
  17  1:03  SCV  
  18  1:15  SCV  
  19  1:27  Orbital Command, Reaper  
  20  1:42  Command Center  
  20  1:53  SCV  
  21  1:56  Barracks  
  21  2:00  Barracks Reactor  
  21  2:06  SCV  
  22  2:10  Supply Depot  
  22  2:18  SCV  
  22  2:20  Barracks  
  23  2:32  SCV  
  24  2:37  Marine x2  
  24  2:44  SCV, Barracks Tech Lab  
  26  2:54  Orbital Command  
  26  2:55  Marine x2  
  26  2:56  SCV  
  29  3:02  Marauder, Refinery  
  29  3:03  Concussive Shells  
  31  3:07  Barracks Tech Lab  
  31  3:08  SCV  
  32  3:13  Marine  
  32  3:14  Marine  
  34  3:21  SCV x2  
  34  3:26  Marauder  
  34  3:27  Marauder  
  40  3:32  Stimpack  
  40  3:35  SCV  
  40  3:36  SCV  
  40  3:40  Supply Depot  
  42  3:47  SCV  
  42  3:48  SCV  
  44  3:51  Supply Depot  
  44  4:01  SCV x2  
  48  4:02  Supply Depot  
  48  4:04  Marauder  
  48  4:05  Marine, Marauder  
  48  4:06  Marine  
  52  4:13  SCV x2  
  52  4:15  Supply Depot  
  54  4:23  Marine x2  
  56  4:26  Marauder x2  
  56  4:28  SCV x2  
  58  4:39  Engineering Bay  
  58  4:41  Marine x2  
  58  4:43  SCV x2  
  62  4:47  Marauder x2, Supply Depot  
  66  4:55  SCV  
  66  4:56  SCV  
  66  4:57  Factory  
  68  5:01  Combat Shields  
  68  5:02  Marine x2  
  68  5:05  Terran Infantry Weapons Level 1  
  70  5:09  Marauder x2  
  74  5:15  SCV x2  
  74  5:18  Refinery  
  74  5:19  Supply Depot  
  76  5:22  Marine x2  
  78  5:29  SCV  
  78  5:30  Marauder x2  
  78  5:31  SCV  
  84  5:39  Marine  
  84  5:40  Marine  
  84  5:42  Starport, Supply Depot, Factory Reactor  
  86  5:47  Supply Depot  
  86  5:51  Marauder  
  86  5:52  Marauder  
  90  5:57  Marine x2  
  92  6:05  Command Center  
  92  6:11  Missile Turret  
  92  6:13  Missile Turret  
  92  6:21  SCV x2  
  92  6:23  Marine x2, Marauder  
  92  6:24  Marauder  
  100  6:32  Medivac x2  
  104  6:35  SCV x2  
  104  6:38  Refinery  
  106  6:47  Factory Reactor  
  106  6:49  SCV x2, Barracks x2  
  106  6:52  Supply Depot  
  108  6:56  Supply Depot  
  108  7:00  Marauder  
  110  7:07  Terran Infantry Armor Level 1  
  110  7:14  SCV x2, Marine x2, Marauder  
  116  7:17  Medivac x2  
  116  7:21  Orbital Command  
  119  7:26  SCV x2  
  121  7:30  Liberator  
  121  7:31  Marauder, Widow Mine x2  
  121  7:35  Supply Depot  
  121  7:36  Supply Depot  
  127  7:39  SCV, Liberator  
  127  7:40  SCV  
  127  7:41  Refinery  
  127  7:42  Refinery  
  127  7:43  Barracks Tech Lab, Barracks Reactor  
  129  7:50  Marauder  
  134  7:51  Marine x2  
  134  7:57  Marauder  
  134  7:58  SCV x2  
  143  8:00  SCV  
  143  8:04  Armory  
  144  8:11  SCV x2, Starport  
  144  8:12  SCV  
  147  8:16  Liberator  
  147  8:19  Fusion Core  
  147  8:20  Marine x4  
  147  8:21  Missile Turret  
  151  8:27  SCV, Supply Depot  
  151  8:28  SCV x2  
  151  8:30  Supply Depot  
  151  8:31  Liberator  
  157  8:49  Widow Mine x2  
  157  8:50  Supply Depot  
  157  8:51  Missile Turret  
  157  8:52  Starport Tech Lab  
  157  8:53  Supply Depot  
  164  9:00  Terran Ship Weapons Level 1  
  164  9:01  Terran Infantry Weapons Level 2  
  164  9:02  Liberator  
  164  9:06  Marauder x2  
  164  9:07  Supply Depot  
  168  9:10  Widow Mine x2, Liberator  
  168  9:12  Marine x3, Marauder  
  181  9:34  Liberator  
  181  9:38  Marine x4, Marauder x3  
  127  9:53  Liberator  
  127  9:56  Marine x4  
  127  9:59  Marauder  
  127  10:00  Marauder  
  123  10:08  Orbital Command  
  115  10:14  Marine x4  
  115  10:15  Liberator  
  111  10:49  SCV, Orbital Command  
  112  10:55  Advanced Ballistics  
  112  11:01  SCV  
  111  11:07  Missile Turret  
  109  11:16  Marine x4, Marauder x3  
  119  11:20  Liberator  
  119  11:22  SCV x2  
  121  11:30  Missile Turret  
  119  11:47  Marauder  
  119  11:48  Marauder x2  
  119  11:49  Marine  
  126  12:01  SCV x2  
  126  12:03  Sensor Tower  
  128  12:13  SCV  
  123  12:15  Liberator  
  123  12:16  Marine  
  123  12:17  Marauder x3  
  127  12:27  Liberator, Refinery  
  132  13:00  Command Center  
  132  13:01  Marauder x3  
  132  13:05  Marine x4  
  142  13:09  Supply Depot  
  142  13:10  SCV x2, Liberator  
  144  13:13  Medivac  
  144  13:16  Medivac  
  148  13:30  Liberator  
  151  13:39  Marine x4, Marauder x3  
  164  13:54  Liberator  
  163  14:04  Marauder x3  
  163  14:06  Marine x2  
  163  14:07  Marine x2  
  173  14:13  Orbital Command  
  173  14:16  Liberator, Supply Depot  
  179  14:45  Marine x2  
  179  14:46  Marauder x3  
  169  14:54  Orbital Command  
  153  15:21  SCV  
  146  15:31  Missile Turret  
Show
View Real Time Build Order
Export as new Build Order

ROOTherO Protoss 

Build Orders: 1 Gate Expand, Double Forge, Colossus Rush 

Get SALT Encoding   

  12  0:00  Probe  
  13  0:12  Probe  
  14  0:17  Pylon  
  14  0:25  Probe  
  15  0:35  Gateway  
  15  0:37  Probe (Chrono Boost)  
  16  0:42  Assimilator  
  16  0:49  Probe (Chrono Boost)  
  17  0:54  Probe (Chrono Boost)  
  18  1:03  Probe  
  19  1:15  Probe  
  20  1:23  Nexus  
  20  1:34  Cybernetics Core  
  20  1:36  Probe  
  21  1:42  Assimilator  
  21  1:48  Probe  
  21  1:52  Pylon  
  22  2:00  Probe  
  23  2:07  Stalker (Chrono Boost)  
  23  2:10  Warp Gate  
  23  2:13  Probe  
  26  2:25  Probe  
  27  2:31  Stalker  
  27  2:35  Probe  
  31  2:37  Probe  
  31  2:44  Robotics Facility  
  31  2:49  Probe x2 (Chrono Boost)  
  35  2:59  Probe x2 (Chrono Boost)  
  35  3:01  Sentry  
  35  3:04  Probe x2 (Chrono Boost)  
  39  3:18  Gateway  
  39  3:19  Gateway  
  39  3:20  Probe x2  
  39  3:25  Pylon  
  41  3:29  Stalker  
  41  3:31  Observer (Chrono Boost)  
  41  3:33  Probe  
  45  3:34  Probe  
  46  3:45  Probe  
  46  3:46  Probe  
  49  3:52  Assimilator  
  49  3:53  Immortal (Chrono Boost)  
  49  3:54  Assimilator  
  51  3:58  Probe  
  51  3:59  Probe  
  51  4:01  Pylon  
  53  4:07  Pylon  
  53  4:10  Probe  
  54  4:19  Probe (Chrono Boost)  
  54  4:20  Robotics Bay  
  56  4:29  Probe (Chrono Boost), Warp Prism (Chrono Boost)  
  56  4:30  Probe (Chrono Boost)  
  59  4:35  Probe (Chrono Boost)  
  59  4:36  Probe (Chrono Boost)  
  59  4:37  Forge  
  61  4:40  Forge  
  61  4:44  Sentry  
  63  4:47  Zealot, Sentry  
  63  4:51  Pylon  
  67  4:57  Shield Battery, Pylon  
  67  5:04  Probe x2  
  67  5:06  Colossus (Chrono Boost)  
  75  5:16  Protoss Ground Armor Level 1, Protoss Ground Weapons Level 1  
  74  5:22  Probe  
  75  5:31  Extended Thermal Lance  
  75  5:36  Nexus  
  75  5:43  Colossus (Chrono Boost)  
  75  5:48  Pylon  
  81  5:54  Zealot x2  
  85  6:04  Pylon  
  85  6:05  Twilight Council  
  85  6:06  Zealot  
  85  6:11  Gateway  
  87  6:13  Gateway  
  87  6:20  Pylon  
  87  6:27  Zealot  
  87  6:28  Zealot x2  
  87  6:29  Observer (Chrono Boost)  
  94  6:35  Pylon  
  94  6:37  Blink (Chrono Boost)  
  94  6:38  Probe x2, Pylon  
  96  6:44  Observer (Chrono Boost)  
  97  6:51  Probe  
  97  6:52  Probe  
  97  6:53  Stalker x2  
  103  6:54  Stalker  
  103  6:56  Probe  
  106  7:11  Probe x3, Protoss Ground Armor Level 2 (Chrono Boost), Protoss Ground Weapons Level 2 (Chrono Boost)  
  109  7:18  Immortal  
  113  7:25  Probe x2  
  113  7:26  Probe  
  116  7:31  Stalker x3  
  120  7:39  Stalker x2  
  120  7:42  Pylon  
  124  7:49  Photon Cannon  
  124  7:50  Shield Battery, Pylon  
  124  7:51  Immortal  
  128  8:01  Pylon x2  
  128  8:09  Zealot x4  
  128  8:10  Zealot  
  128  8:12  Observer  
  138  8:21  Gateway x2  
  138  8:23  Pylon  
  138  8:30  Immortal  
  142  8:44  Stalker x5  
  152  9:06  Dark Shrine  
  152  9:18  Stalker x5  
  152  9:19  Stalker x2  
  166  9:31  Pylon  
  166  9:32  Pylon  
  166  9:33  Pylon  
  97  10:01  Stalker x7  
  90  10:20  Observer  
  90  10:26  Stalker x2  
  94  10:31  Pylon  
  94  10:49  Dark Templar  
  96  10:57  Nexus  
  96  11:00  Sentry x2  
  98  11:05  Sentry  
  98  11:19  Assimilator  
  98  11:21  Assimilator  
  98  11:27  Probe  
  96  11:49  Nexus  
  95  12:05  Probe  
  92  12:24  Sentry x2  
  92  12:25  Probe (Chrono Boost)  
  92  12:26  Probe (Chrono Boost)  
  98  12:32  Sentry, Stalker x3  
  107  12:37  Probe (Chrono Boost), Observer  
  107  12:38  Probe (Chrono Boost)  
  108  12:46  Probe (Chrono Boost)  
  108  12:48  Probe (Chrono Boost)  
  110  12:55  Gravitic Drive  
  110  12:56  Probe  
  111  12:58  Probe  
  112  13:15  Nexus  
  112  13:16  Probe x3  
  115  13:22  Twilight Council  
  115  13:28  Probe x3  
  115  13:33  Pylon  
  118  13:40  Probe x3  
  121  13:42  Observer  
  121  13:47  Zealot x6  
  133  13:52  Pylon  
  125  13:57  Probe x3  
  127  14:10  Pylon  
  124  14:25  Dark Templar  
  124  14:31  Dark Templar  
  127  14:34  Stalker x6  
  105  15:05  Dark Templar  
  88  15:19  Dark Templar  
Tags
 
Add a new tag
Caveats
  • Supply blocks, unpowered buildings, or Contaminate may cause inaccurate times.
  • Supply counts are checked every 10 seconds.